 Dungeon Crawl Stone Soup version 0.30-a0-347-gf58ed5266c (webtiles) character file.

Game seed: 2347804677307283093

18 purpskrrrp the Magician (level 2, -2/21 HPs)
             Began as a Djinni Summoner on Nov 5, 2022.
             Slain by a rat (3 damage)
             ... on level 1 of the Dungeon.
             The game lasted 00:03:11 (518 turns).

purpskrrrp the Magician (Djinni Summoner)            Turns: 518, Time: 00:03:12

Health: -2/21      AC:  3    Str:  7    XL:     2   Next: 90%
Gold:   35         EV: 12    Int: 16    God:
                   SH:  0    Dex: 13

rFire   + + .      SeeInvis .    b - +0 dagger
rCold   x . .      Faith    .    (no shield)
rNeg    . . .      Spirit   .    a - +0 robe
rPois   ∞          Reflect  .    d - +0 helmet
rElec   .          Harm     .    (no cloak)
rCorr   .          Rampage  .    (no gloves)
Will    .....                    (boots unavailable)
Stlth   ++........               (no amulet)
HPRegen 0.23/turn                (no ring)
MPRegen 0.00/turn                (no ring)

@: flying
A: sickness immunity, fire resistance 2, cold vulnerability 1, float, innate
caster, HP casting, extra vitality 1
a: no special abilities


You were on level 1 of the Dungeon.
You visited 1 branch of the dungeon, and saw 1 of its levels.

You collected 35 gold pieces.

Inventory:

Hand Weapons
 b - a +0 dagger (weapon)
Armour
 a - a +0 robe (worn)
 d - a +0 helmet (worn)
Scrolls
 c - a scroll of vulnerability {unknown}


   Skills:
 - Level 2.1 Dodging
 - Level 1.5 Stealth
 + Level 3.8 Spellcasting


You couldn't memorise any spells.
You knew the following spells:

 Your Spells              Type           Power      Damage    Failure   Level
a - Summon Small Mammal   Summ           60%        N/A       3%          1
b - Call Imp              Summ           15%        N/A       5%          2
c - Call Canine Familiar  Summ           15%        N/A       11%         3
d - Summon Guardian Gole  Hex/Summ       15%        N/A       11%         3
e - Summon Lightning Spi  Summ/Air       15%        N/A       34%         4
Your spell library was empty.

Dungeon Overview and Level Annotations

Branches:
Dungeon (1/15)

Altars:

Shops:
D:1 :


Innate Abilities, Weirdness & Mutations

You are immune to sickness and miasma.
You are immune to poison.
Your flesh is very heat resistant. (rF++)
You are vulnerable to cold. (rC-)
You float through the air rather than walking.
You learn spells naturally, not from books.
Your magical power is your life essence.
You have superior vitality. (+4 MHP)


Message History

The jackal barely misses you. x3; The rat bites you.
The jackal barely misses you. The jackal closely misses you.
The jackal misses you.
You closely miss the jackal.
The jackal is heavily wounded.
The jackal barely misses you. The jackal misses you.
The jackal barely misses you. The rat bites you.
You hit the jackal.
The jackal is severely wounded.
The jackal closely misses you. The jackal completely misses you.
The jackal bites you. The rat bites you. The jackal bites you.
* * * LOW HITPOINT WARNING * * *
The jackal bites you but does no damage.
The jackal bites you.
* * * LOW HITPOINT WARNING * * *
You are too injured to fight recklessly!
You are too injured to fight recklessly!
You are too injured to fight recklessly!
You are too injured to fight recklessly!
You are too injured to fight recklessly!
You are too injured to fight recklessly!
You are too injured to fight recklessly!
You are too injured to fight recklessly!
You are too injured to fight recklessly!
You are too injured to fight recklessly!
You are too injured to fight recklessly!
You are too injured to fight recklessly!
You are too injured to fight recklessly!
You are too injured to fight recklessly!
You are too injured to fight recklessly!
You are too injured to fight recklessly!
You are too injured to fight recklessly!
You are too injured to fight recklessly!
You are too injured to fight recklessly!
You are too injured to fight recklessly!
You are too injured to fight recklessly!
You hit the rat but do no damage. The jackal bites you.
* * * LOW HITPOINT WARNING * * *
The jackal barely misses you. The rat bites you.
You die...

#.# #...###..# #..# #.#
#.#......# #..#
#.###...####.###..#
#.............†...######
############.#..........
#.##...######
#.###........
#....h##..... #..#h@#
#h.. #.###rhh###..
#..#.h#h.#.?$
#.....##..... #.#.#.#
#.#.# #.....# ...#
...#..# ..# .#.###.. .#


You could see 6 jackals and a rat.

Vanquished Creatures
  A dart slug (D:1)
  An endoplasm (D:1)
  A jackal (D:1)
  2 bats (D:1)
  A rat (D:1)
6 creatures vanquished.

Vanquished Creatures (collateral kills)
  A dart slug (D:1)
  3 ball pythons (D:1)
  A giant cockroach (D:1)
  A goblin (D:1)
  2 frilled lizards (D:1)
  A kobold (D:1)
9 creatures vanquished.

Grand Total: 15 creatures vanquished

Notes
Turn   | Place    | Note
-------+----------+-------------------------------------------
     0 | D:1      | purpskrrrp the Djinni Summoner began the quest for the Orb.
     0 | D:1      | purpskrrrp set off with the following spells memorised:
                  | Summon Small Mammal, Call Imp, Call Canine Familiar, Summon
                  | Guardian Golem, Summon Lightning Spire.
     0 | D:1      | Reached XP level 1. HP: 15/15 MP: 0/0
   175 | D:1      | Reached XP level 2. HP: 20/21 MP: 0/0
   269 | D:1      | HP: 1/21 [endoplasm (3)]
   275 | D:1      | HP: 1/21 [endoplasm (2)]
   453 | D:1      | Found Eto Yma's Book Boutique.
   518 | D:1      | HP: 1/21 [jackal (3)]
   518 | D:1      | Slain by a rat

Illustrated notes

Levels and vault maps discovered:
D:1:      shiori_arrival_maze, layout_loops_ring, serial_shops, shop,
          minmay_strange_pillars

Action                   || total
-------------------------++-------
Melee: Unarmed           ||    11
       Dagger            ||    18
 Cast: Summon Small Mamm ||    23
       Call Imp          ||     2
Armor: Robe              ||     8
Dodge: Dodged            ||    33

Table legend: (Time is in decaauts)
 A = Elapsed time spent in this place.
 B = Non-inter-level travel time spent in this place.
 C = Inter-level travel time spent in this place.
 D = Time resting spent in this place.
 E = Time spent auto-exploring this place.
 F = Levels seen in this place.
 G = Mean time per level.
                   A        B        C        D        E       F      G
               +--------+--------+--------+--------+--------+-----+--------+
         Total |    517 |    517 |      0 |    117 |    183 |   1 |  517.0 |
       Dungeon |    517 |    517 |      0 |    117 |    183 |   1 |  517.0 |
               +--------+--------+--------+--------+--------+-----+--------+

Top non-repeatable levels by time:
     D:1: 517 daAuts
